 Dungeon Crawl Stone Soup version 0.19.3 (webtiles) character file.

123781 juanjsm the Eclecticist (level 16, -4/86 HPs)
             Began as a Spriggan Enchanter on Jan 19, 2017.
             Was the Champion of Okawaru.
             Killed by the raging water
             ... invoked by a water nymph
              (41 damage)
             ... on level 4 of the Shoals on Jan 23, 2017.
             The game lasted 03:56:55 (29036 turns).

juanjsm the Eclecticist (Spriggan Enchanter)       Turns: 29036, Time: 03:56:56

Health: -4/86      AC:  7    Str:  1    XL:     16   Next: 37%
Magic:  32/38      EV: 35    Int: 17    God:    Okawaru [******]
Gold:   1863       SH:  0    Dex: 27    Spells: 6 memorised, 29 levels left

rFire  + . .     SeeInvis +     M - +4 quick blade
rCold  . . .     Gourm    .     J - +1 robe of Beauty {rElec rF+}
rNeg   + + .     Faith    +     (shield restricted)
rPois  +         Spirit   .     (helmet restricted)
rElec  +         Reflect  .     q - +0 cloak
rCorr  +         Harm     .     (gloves unavailable)
MR     +....                    (boots unavailable)
Stlth  ++++......               A - amulet of Leklyagho {Faith rN++ Str-5 Dex+4}
                                H - +2 ring of strength
                                S - ring of Bunk {rCorr rElec rPois MR- SInv}

@: very slightly contaminated, invisible, very quick
A: unfitting armour, icy blue scales 1, rugged brown scales 1, see invisible,
herbivore 3, speed 3, slow metabolism 2
a: Heroism, Finesse, Renounce Religion


You were on level 4 of the Shoals.
You worshipped Okawaru.
Okawaru was exalted by your worship.
You were full.

You visited 6 branches of the dungeon, and saw 29 of its levels.

You collected 2213 gold pieces.
You spent 350 gold pieces at shops.

Inventory:

Hand Weapons
 c - the +1 short sword of the Seven Spirits {pierce, MR+ Int+4}
   (Okawaru gifted it to you on level 10 of the Dungeon)

   It inflicts extra damage upon your enemies.
   It affects your intelligence (+4).
   It affects your resistance to hostile enchantments.
 e - a +3 falchion of electrocution
 M - a +4 quick blade (weapon)
Missiles
 u - a throwing net (quivered)
Armour
 q - a +0 cloak (worn)
 D - a +0 buckler
 J - the +1 robe of Beauty (worn) {rElec rF+}
   (Okawaru gifted it to you on level 1 of the Orcish Mines)

   It protects you from fire.
   It insulates you from electricity.
 Q - a +2 buckler of fire resistance
Jewellery
 A - the amulet of Leklyagho (around neck) {Faith rN++ Str-5 Dex+4}
   (You found it on level 6 of the Dungeon)

   [amulet of faith]

   It allows you to gain divine favour quickly.
   It affects your strength (-5).
   It affects your dexterity (+4).
   It greatly protects you from negative energy.
 H - a +2 ring of strength (right hand)
 S - the ring of Bunk (left hand) {rCorr rElec rPois MR- SInv}
   (You found it on level 10 of the Dungeon)

   [ring of resist corrosion]

   It insulates you from electricity.
   It protects you from poison.
   It affects your resistance to hostile enchantments.
   It lets you see invisible.
 W - an uncursed ring of protection from fire {unknown}
 Z - a +5 ring of dexterity {unknown}
Wands
 s - a wand of flame (26/48)
 v - a wand of confusion (27/48)
 x - a wand of flame (27/48)
 y - a wand of teleportation (3/9)
 I - a wand of paralysis (11/24)
 T - a wand of enslavement (14/24)
 Y - a wand of disintegration (14/24)
Scrolls
 b - 3 scrolls of remove curse
 h - 5 scrolls of immolation
 i - 9 scrolls of teleportation
 j - 4 scrolls of magic mapping {unknown}
 k - 5 scrolls of identify
 l - 4 scrolls of fear
 m - a scroll of recharging
 o - 2 scrolls of silence {unknown}
 p - 4 scrolls of fog
 B - a scroll of torment {unknown}
 C - 2 scrolls of enchant weapon {unknown}
 O - a scroll of blinking {unknown}
 P - a scroll of amnesia
Potions
 a - 3 potions of might
 f - 2 potions of berserk rage
 g - 4 potions of flight
 r - 2 potions of cancellation
 t - 4 potions of invisibility
 z - a potion of ambrosia {unknown}
 E - 6 potions of curing
 F - 2 potions of mutation
 G - 4 potions of haste
 K - 2 potions of lignification {unknown}
 U - 3 potions of brilliance
 X - 3 potions of agility
Books
 w - a book of Cantrips

   Spells                             Type                      Level
   a - Confusing Touch                Hexes                        1
   b - Animate Skeleton               Necromancy                   1
   c - Summon Small Mammal            Summoning                    1
   d - Apportation                    Translocation                1
 N - a book of Party Tricks

   Spells                             Type                      Level
   a - Summon Butterflies             Summoning                    1
   b - Apportation                    Translocation                1
   c - Lesser Beckoning               Translocation                3
   d - Tukima's Dance                 Hexes                        3
   e - Alistair's Intoxication        Transmutation/Poison         5
   f - Invisibility                   Hexes                        6
Miscellaneous
 n - a phial of floods
 V - a disc of storms
Comestibles
 d - 9 bread rations
 L - 26 fruits


   Skills:
 + Level 9.6 Fighting
 - Level 10.0 Short Blades
 + Level 14.5 Dodging
 + Level 16.4 Stealth
 + Level 5.8 Shields
 * Level 17.4 Spellcasting
 + Level 13.5 Hexes
 + Level 4.2 Air Magic
 - Level 6.5 Invocations


You had 29 spell levels left.
You knew the following spells:

 Your Spells              Type           Power        Failure   Level  Hunger
a - Corona                Hex            ######.      0%          1    None
b - Ensorcelled Hibernat  Hex/Ice        #####.       1%          2    None
c - Confuse               Hex            ######..     1%          3    None
d - Dazzling Spray        Conj/Hex       #####.       1%          3    None
e - Silence               Hex/Air        #####.....   3%          5    ###....
f - Invisibility          Hex            ######..     2%          6    #####..


Dungeon Overview and Level Annotations

Branches:
Dungeon (15/15)            Temple (1/1) D:6            Lair (6/6) D:11
 Shoals (4/4) Lair:4       Spider (0/4) Lair:2        Slime (1/5) Lair:5
    Orc (2/2) D:10            Elf (0/3) Orc:2        Vaults (0/5) D:14
 Depths (0/5) D:15

Altars:
Ashenzari
Cheibriados
Dithmenos
Elyvilon
Fedhas
Gozag
Hepliaklqana
Kikubaaqudgha
Makhleb
Nemelex Xobeh
Okawaru
Qazlal
Ru
Sif Muna
Trog
Uskayaw
Vehumet
Xom
Yredelemnul
Zin
The Shining One
Jiyva

Shops:
D:9 !   D:14 [   Orc:2 ([*:

Annotations:
D:15 Azrael


Innate Abilities, Weirdness & Mutations

You are very small and have problems with some larger weapons.
You are too small for most types of armour.
You have supernaturally acute eyesight. (SInv)
You are a herbivore.
You cover ground extremely quickly.
You need consume almost no food.
You are partially covered in icy blue scales. (AC +2)
You are partially covered in rugged brown scales. (AC +1, +3% HP)


Message History

Confirm with . or Enter, or press ? or * to list all spells.
Aiming: Invisibility
Press: ? - help, Shift-Dir - straight line, f - you You fade into invisibility!
You are very lightly contaminated with residual magic.
A sea snake and a snapping turtle come into view.
You enter the shallow water.
Moving in this stuff is going to be slow. ...and don't expect to remain undetected.
The water nymph shouts!
The water nymph gestures at you while chanting.
The water swirls and strikes you!
Casting: Invisibility
Confirm with . or Enter, or press ? or * to list all spells.
Okay, then.
You closely miss the siren.
The siren shouts!
The snapping turtle hisses angrily.
The water nymph points at you and mumbles some strange words.
The water swirls and strikes you!
You die...

≈≈........≈≈≈≈≈≈≈≈≈≈≈≈≈≈≈
≈.....≈≈≈≈≈≈≈≈≈≈≈≈≈≈≈≈≈≈≈≈
.≈≈≈≈≈≈≈≈≈≈≈≈≈≈≈≈≈≈≈≈≈≈≈≈≈#
..≈≈≈≈≈≈≈≈≈≈≈≈≈≈≈≈≈≈≈≈≈≈≈≈#
...≈≈≈≈≈≈≈≈≈≈≈≈≈≈≈≈≈≈≈≈≈≈≈#
≈≈≈≈≈≈≈≈≈≈≈.≈≈≈≈≈..≈≈≈≈≈≈≈#
.≈≈≈≈≈≈≈≈≈#≈≈##≈≈..≈≈≈≈≈≈≈#
.≈≈≈≈≈≈≈≈≈#######..≈≈≈≈≈≈≈#
..≈≈≈≈≈≈≈## #≈≈@#≈≈≈≈≈≈≈≈#
..≈≈≈≈≈†##≈≈≈≈≈m≈##≈≈≈≈≈≈≈#
.≈≈≈≈≈≈≈≈##≈#≈#≈###≈≈≈≈≈≈≈#
≈≈≈≈≈≈≈≈## ≈≈ ≈≈ #≈≈≈≈≈≈≈#
≈≈≈(≈≈≈†≈#≈≈ t#≈ #≈≈≈≈≈≈≈#
≈≈≈≈≈≈≈≈≈#≈ ≈Sm≈ ##≈≈≈≈≈≈≈#
≈≈≈≈≈≈≈≈≈##≈# #≈##≈≈≈≈≈≈≈≈#
≈≈)≈≈≈≈≈≈≈#######≈≈≈≈≈≈≈≈≈#
≈≈≈≈≈≈≈≈≈≈≈##≈≈#≈≈≈≈≈≈≈≈≈≈#


You could see a sea snake, a snapping turtle, a siren and a water nymph.

Vanquished Creatures
  A kraken (Shoals:3)
  Polyphemus (Shoals:3)
  A fire giant (D:15)
  Ilsuiw (Shoals:4)
  2 orc warlords
  3 merfolk javelineers (Shoals:4)
  An ettin (Orc:1)
  Josephine (Orc:1)
  6 merfolk impalers
  Fannar (Orc:1)
  10 hydras
  3 catoblepae
  A merfolk avatar (Shoals:1)
  3 centaur warriors
  A satyr (Shoals:3)
  A death knight (D:15)
  A merfolk aquamancer (Shoals:4)
  An alligator snapping turtle (Shoals:3)
  4 orc high priests (Orc:2)
  2 death yaks (Shoals:3)
  10 sea snakes
  8 hill giants
  A wizard (D:14)
  24 harpies
  A phantasmal warrior (D:15)
  A necromancer (D:14)
  5 orc sorcerers
  6 orc knights
  9 manticores
  A wolf spider (Lair:2)
  A faun (Shoals:2)
  3 cyclopes
  7 ugly things
  3 centaur zombies
  7 sirens
  10 elephants
  2 black mambas
  A water nymph (Shoals:1)
  Psyche (D:11)
  A torpor snail (Lair:3)
  25 spiny frogs
  An efreet (D:14)
  A freezing wraith (D:12)
  2 komodo dragons
  10 trolls
  20 merfolk
  2 two-headed ogres (D:14)
  A queen bee (shapeshifter) (D:15)
  5 tyrant leeches
  2 hornets
  A jumping spider (Lair:2)
  6 dream sheep
  3 slime creatures (D:13)
  2 wind drakes
  18 blink frogs
  6 hippogriffs
  A hippogriff (shapeshifter) (D:14)
  6 snapping turtles
  Sigmund (D:2)
  4 spriggans
  24 yaks
  10 water elementals
  A redback (Lair:2)
  2 hungry ghosts (D:11)
  6 wraiths
  2 steam dragons
  3 basilisks (Shoals:2)
  A mottled dragon (D:11)
  7 vampire mosquitoes
  5 wargs
  11 water moccasins
  2 porcupines
  2 hell hounds (D:15)
  2 black bears (D:6)
  2 ice beasts
  27 orc warriors
  2 phantoms
  6 sky beasts
  2 eyes of draining (D:14)
  3 necrophages
  12 ogres
  11 wolves
  8 centaurs
  13 crocodiles
  4 big kobolds
  23 bullfrogs
  A water moccasin zombie (D:10)
  4 scorpions
  15 killer bees
  4 jellies
  5 wights (D:9)
  8 electric eels
  A howler monkey (D:9)
  7 crimson imps
  A bullfrog zombie (D:8)
  A quasit (D:11)
  21 orc priests
  29 orc wizards
  5 bullfrog skeletons
  5 hounds
  2 centaur skeletons
  Jessica (D:3)
  6 worker ants
  7 iguanas
  6 gnolls
  10 adders
  3 shadow imps
  An ooze (D:2)
  An adder skeleton (D:4)
  A worm (D:2)
  3 dart slugs
  10 leopard geckos
  94 orcs
  7 giant cockroaches
  3 goblins
  9 hobgoblins
  6 jackals
  5 quokkas
  5 bats
  4 frilled lizards
  11 kobolds
  2 leopard gecko skeletons
  9 rats
  A withered plant (Shoals:2)
769 creatures vanquished.

Vanquished Creatures (collateral kills)
  A redback (Lair:2)
1 creature vanquished.

Vanquished Creatures (others)
  A snapping turtle (Shoals:4)
  An orc wizard (D:14)
  4 fungi
  49 plants
55 creatures vanquished.

Grand Total: 825 creatures vanquished

Notes
Turn   | Place    | Note
-------+----------+-------------------------------------------
     0 | D:1      | juanjsm the Spriggan Enchanter began the quest for the Orb.
     0 | D:1      | Reached XP level 1. HP: 9/9 MP: 5/5
   198 | D:1      | Reached XP level 2. HP: 11/14 MP: 6/6
   314 | D:1      | Learned a level 2 spell: Ensorcelled Hibernation
   656 | D:1      | Reached skill level 1 in Fighting
   832 | D:2      | Noticed Sigmund
   921 | D:2      | Reached XP level 3. HP: 18/18 MP: 2/8
  1088 | D:2      | Learned a level 3 spell: Confuse
  1124 | D:2      | Reached skill level 5 in Stealth
  1140 | D:2      | Killed Sigmund
  1140 | D:2      | Reached skill level 3 in Spellcasting
  1140 | D:2      | Reached XP level 4. HP: 16/23 MP: 3/10
  1140 | D:2      | Reached XP level 5. HP: 18/26 MP: 3/11
  1163 | D:2      | Learned a level 3 spell: Dazzling Spray
  1410 | D:3      | Reached XP level 6. HP: 30/30 MP: 5/12
  1471 | D:3      | Noticed Jessica
  1475 | D:3      | Killed Jessica
  1498 | D:3      | Found a deep blue altar of Sif Muna.
  1500 | D:3      | Found a stormy altar of Qazlal.
  1515 | D:3      | Found a hazy altar of Hepliaklqana.
  1645 | D:3      | Reached skill level 5 in Hexes
  2343 | D:4      | Reached skill level 5 in Dodging
  2628 | D:4      | Found an iron altar of Okawaru.
  2633 | D:4      | Became a worshipper of Warmaster Okawaru
  2838 | D:5      | Entered Level 5 of the Dungeon
  2841 | D:5      | Reached skill level 4 in Spellcasting
  2841 | D:5      | Reached XP level 7. HP: 35/35 MP: 12/14
  3823 | D:5      | Reached * piety under Okawaru
  3823 | D:5      | Reached skill level 5 in Spellcasting
  3868 | D:6      | Reached skill level 1 in Invocations
  3948 | D:6      | Reached XP level 8. HP: 30/39 MP: 14/17
  4126 | D:6      | Found a staircase to the Ecumenical Temple.
  4132 | Temple   | Entered the Ecumenical Temple
  4388 | D:6      | Found a shimmering altar of Xom.
  4657 | D:6      | Got a scorched golden amulet
  4658 | D:6      | Lost strength.
  4658 | D:6      | Identified the amulet of Leklyagho {Faith rN++ Str-5 Dex+4} (You found it on level 6 of the Dungeon)
  4757 | D:6      | Reached skill level 6 in Spellcasting
  4763 | D:6      | Found a radiant altar of Vehumet.
  4816 | D:6      | Found a deep blue altar of Sif Muna.
  4816 | D:6      | Found a hazy altar of Hepliaklqana.
  4818 | D:6      | Found a radiant altar of Vehumet.
  4818 | D:6      | Found an iron altar of Okawaru.
  4818 | D:6      | Found a hide-covered altar of Uskayaw.
  5835 | D:8      | Reached ** piety under Okawaru
  5835 | D:8      | Reached skill level 7 in Spellcasting
  5835 | D:8      | Reached XP level 9. HP: 44/44 MP: 15/20
  5982 | D:8      | Reached skill level 5 in Short Blades
  6023 | D:8      | Reached *** piety under Okawaru
  6034 | D:8      | Reached skill level 8 in Spellcasting
  6052 | D:8      | Noticed a two-headed hydra
  6379 | D:8      | Killed a two-headed hydra
  6379 | D:8      | Reached **** piety under Okawaru
  6379 | D:8      | Reached XP level 10. HP: 19/49 MP: 11/23
  6453 | D:9      | Reached skill level 9 in Spellcasting
  6511 | D:9      | Noticed a centaur warrior
  6524 | D:9      | Killed a centaur warrior
  6524 | D:9      | Reached ***** piety under Okawaru
  6524 | D:9      | Reached skill level 10 in Stealth
  6881 | D:9      | Found Xanaome's Distillery.
  6889 | D:9      | Bought a potion of heal wounds for 70 gold pieces
  7285 | D:9      | Reached skill level 10 in Spellcasting
  7327 | D:10     | Entered Level 10 of the Dungeon
  7327 | D:10     | Found a staircase to the Orcish Mines.
  7352 | D:10     | Got a bound wooden ring
  7354 | D:10     | Identified the ring of Bunk {rCorr rElec rPois MR- SInv} (You found it on level 10 of the Dungeon)
  7822 | D:10     | Reached XP level 11. HP: 54/54 MP: 20/26
  7855 | D:10     | Reached ****** piety under Okawaru
  7855 | D:10     | Reached skill level 5 in Fighting
  8040 | D:11     | Noticed Psyche
  8044 | D:11     | Killed Psyche
  8078 | D:11     | Noticed a green ugly thing
  8103 | D:11     | Killed a green ugly thing
  8103 | D:11     | Reached skill level 5 in Invocations
  8198 | D:11     | Received a gift from Okawaru
  8199 | D:11     | Got a warped hunting sling {god gift}
  8486 | D:11     | Found a staircase to the Lair.
  8614 | D:11     | Noticed a green ugly thing
  8632 | D:11     | Killed a green ugly thing
  8872 | Lair:1   | Entered Level 1 of the Lair of Beasts
  9011 | Lair:1   | Received a gift from Okawaru
  9194 | Lair:1   | Reached skill level 11 in Spellcasting
  9279 | Lair:1   | Noticed a five-headed hydra
  9286 | Lair:1   | Killed a five-headed hydra
  9286 | Lair:1   | Reached skill level 10 in Dodging
  9300 | Lair:2   | Noticed an eight-headed hydra
 10020 | Lair:2   | Noticed a wolf spider
 10188 | Lair:2   | Noticed an eight-headed hydra
 10218 | Lair:2   | Killed an eight-headed hydra
 10269 | Lair:2   | Found a hole to the Spider Nest.
 10277 | Lair:2   | Killed a wolf spider
 10277 | Lair:2   | Received a gift from Okawaru
 10277 | Lair:2   | Reached XP level 12. HP: 52/60 MP: 6/28
 10760 | Lair:3   | Reached skill level 12 in Spellcasting
 10833 | Lair:3   | Noticed a death yak
 10904 | Lair:3   | Noticed a death yak
 10912 | Lair:3   | Noticed a death yak
 11158 | Lair:4   | Noticed a catoblepas
 11436 | Lair:4   | Noticed a five-headed hydra
 11450 | Lair:4   | Killed a five-headed hydra
 11450 | Lair:4   | Reached skill level 10 in Hexes
 11773 | Lair:4   | Received a gift from Okawaru
 11921 | Lair:3   | Received a gift from Okawaru
 11922 | Lair:3   | Got steaming storm dragon scales {god gift}
 11933 | Lair:3   | Identified the +9 storm dragon scales of the Ecumenical Temple {rElec Int+6} (Okawaru gifted it to you on level 3 of the Lair of Beasts)
 12219 | Lair:4   | Killed a catoblepas
 12297 | Lair:4   | Found a staircase to the Shoals.
 12571 | Lair:4   | Learned a level 5 spell: Silence
 12758 | Lair:5   | Found a viscous altar of Jiyva.
 12759 | Lair:5   | Found a staircase to the Slime Pits.
 13070 | Lair:5   | Reached skill level 1 in Shields
 13095 | Lair:5   | Reached skill level 13 in Spellcasting
 13353 | Slime:1  | Entered Level 1 of the Pits of Slime
 13377 | Lair:6   | Entered Level 6 of the Lair of Beasts
 13377 | Lair:6   | Noticed an eight-headed hydra
 13384 | Lair:6   | Killed an eight-headed hydra
 13495 | Lair:5   | Reached XP level 13. HP: 36/66 MP: 11/31
 13507 | Lair:5   | Received a gift from Okawaru
 14432 | Lair:6   | Gained mutation: You are dopey. (Int -2) [potion of mutation]
 14432 | Lair:6   | Gained mutation: You are partially covered in icy blue scales. (AC +2) [potion of mutation]
 14432 | Lair:6   | Gained mutation: Your spells are a little easier to cast, but a little less powerful. [potion of mutation]
 14433 | Lair:6   | Gained mutation: You are clumsy. (Dex -2) [potion of mutation]
 14433 | Lair:6   | Gained mutation: You expend magic power (3 MP) to strengthen your wands. [potion of mutation]
 14718 | Lair:6   | Received a gift from Okawaru
 15840 | Lair:2   | Lost mutation: You are clumsy. (Dex -2) [potion of cure mutation]
 15840 | Lair:2   | Lost mutation: Your spells are a little easier to cast, but a little less powerful. [potion of cure mutation]
 15840 | Lair:2   | Lost mutation: You expend magic power (3 MP) to strengthen your wands. [potion of cure mutation]
 15840 | Lair:2   | Lost mutation: You are dopey. (Int -2) [potion of cure mutation]
 15989 | Orc:1    | Entered Level 1 of the Orcish Mines
 16006 | Orc:1    | Noticed an ettin
 16007 | Orc:1    | Noticed an orc warlord
 16009 | Orc:1    | Killed an ettin
 16046 | D:10     | Killed an orc warlord
 16046 | D:10     | Reached skill level 14 in Spellcasting
 16069 | D:10     | Received a gift from Okawaru
 16070 | D:10     | Got a slimy short sword {god gift}
 16071 | D:10     | Identified the +1 short sword of the Seven Spirits {pierce, MR+ Int+4} (Okawaru gifted it to you on level 10 of the Dungeon)
 16214 | Orc:1    | Noticed Fannar
 16323 | Orc:1    | Found a burning altar of Makhleb.
 16324 | Orc:1    | Noticed Josephine
 16328 | Orc:1    | Killed Fannar
 16347 | Orc:1    | Killed Josephine
 16639 | Orc:2    | Entered Level 2 of the Orcish Mines
 17114 | Orc:2    | Found a staircase to the Elven Halls.
 17284 | Orc:1    | Reached XP level 14. HP: 55/72 MP: 5/33
 17748 | Orc:2    | Reached skill level 10 in Short Blades
 18010 | Orc:2    | Noticed an orc warlord
 18029 | Orc:1    | Received a gift from Okawaru
 18030 | Orc:1    | Got a colourful robe {god gift}
 18041 | Orc:1    | Identified the +1 robe of Beauty {rElec rF+} (Okawaru gifted it to you on level 1 of the Orcish Mines)
 18135 | Orc:1    | Killed an orc warlord
 18714 | Orc:1    | Noticed an orc warlord
 18888 | Orc:2    | Found Seituiz's General Store.
 18889 | Orc:2    | Found Xeorgh's Book Emporium.
 18904 | Orc:2    | Found Tibi's Antique Armour Shoppe.
 18916 | Orc:2    | Found Pups's Antique Weapon Shoppe.
 19062 | Orc:2    | Bought a scroll of recharging for 133 gold pieces
 19062 | Orc:2    | Bought a potion of brilliance for 56 gold pieces
 19062 | Orc:2    | Bought a potion of curing for 42 gold pieces
 19062 | Orc:2    | Bought a scroll of fear for 49 gold pieces
 19532 | Lair:2   | Identified the +6 hunting sling "Jaruif" {venom, rN+ MR+ Dex+2 Stlth-} (Okawaru gifted it to you on level 11 of the Dungeon)
 20372 | D:12     | Reached skill level 15 in Spellcasting
 21148 | D:13     | Received a gift from Okawaru
 21524 | D:14     | Found Dentep's Armour Shoppe.
 21972 | D:14     | Reached skill level 15 in Stealth
 22118 | D:14     | Received a gift from Okawaru
 22365 | D:14     | Found a gate to the Vaults.
 23016 | D:15     | Entered Level 15 of the Dungeon
 23047 | D:15     | Noticed Azrael
 23138 | D:15     | Found a staircase to the Depths.
 23138 | D:15     | Noticed a fire giant
 23226 | D:15     | Reached XP level 15. HP: 51/78 MP: 27/35
 23397 | D:15     | Reached skill level 16 in Spellcasting
 23595 | D:15     | Killed a fire giant
 23663 | D:15     | Upgraded the game from 0.19.1-1-g22dce08 to 0.19.3
 23668 | D:15     | HP: 1/78 [orc knight/bolt (27)]
 24457 | Shoals:1 | Entered Level 1 of the Shoals
 24535 | Lair:2   | Gained mutation: You are partially covered in rugged brown scales. (AC +1, +3% HP) [potion of beneficial mutation]
 25029 | Shoals:1 | Reached skill level 1 in Air Magic
 25177 | Shoals:1 | Received a gift from Okawaru
 25710 | Shoals:2 | Reached skill level 5 in Shields
 25745 | Shoals:2 | Learned a level 6 spell: Invisibility
 26074 | Shoals:2 | Received a gift from Okawaru
 26454 | Shoals:3 | Noticed a kraken
 27352 | Shoals:3 | Noticed Polyphemus
 27448 | Shoals:3 | Killed Polyphemus
 27598 | Shoals:4 | Entered Level 4 of the Shoals
 27684 | Shoals:4 | Reached XP level 16. HP: 78/86 MP: 18/37
 28001 | Shoals:3 | Killed a kraken
 28001 | Shoals:3 | Reached skill level 17 in Spellcasting
 28137 | Shoals:4 | Noticed Ilsuiw
 28240 | Shoals:4 | Received a gift from Okawaru
 28682 | Shoals:4 | Killed Ilsuiw
 29036 | Shoals:4 | Killed from afar by a water nymph

Skill      XL: |  1  2  3  4  5  6  7  8  9 10 11 12 13 14 15 16 |
---------------+-------------------------------------------------+-----
Fighting       | 1 2 3 4 5 6 7 8 9 |  9.6
Hexes          | 4 5 6 7 8 9 10 11 12 13 | 13.5
Stealth        | 6 7 8 9 10 11 12 13 15 16 | 16.4
Short Blades   | 2 3 4 5 6 7 9 10 | 10.0
Dodging        | 4 5 6 7 8 9 10 11 12 13 14 | 14.5
Spellcasting   | 3 4 5 7 8 10 11 13 14 15 16 17 | 17.4
Invocations    | 1 2 3 4 6 |  6.5
Shields        | 1 3 4 5 |  5.8
Air Magic      | 3 4 |  4.2

Action                   |  1- 3 |  4- 6 |  7- 9 | 10-12 | 13-15 | 16-18 || total
-------------------------+-------+-------+-------+-------+-------+-------++-------
Melee: Dagger            |    69 |   102 |   183 |   263 |     8 |       ||   625
       Quick blade       |       |       |       |       |  1313 |   169 ||  1482
 Cast: Corona            |     6 |       |       |       |       |       ||     6
       Ensorcelled Hiber |    13 |    27 |    82 |   194 |   444 |    30 ||   790
       Confuse           |     1 |     6 |    23 |    64 |   170 |    23 ||   287
       Dazzling Spray    |       |       |     4 |    15 |    67 |     4 ||    90
       Invisibility      |       |       |       |       |     2 |     5 ||     7
  Use: Scroll            |       |     4 |     4 |     5 |    12 |     1 ||    26
       Potion            |       |       |     3 |       |     7 |     5 ||    15
 Stab: Sleeping          |    23 |    34 |    50 |   113 |   238 |    14 ||   472
       Confused          |     2 |     1 |    13 |    35 |   134 |    14 ||   199
       Distracted        |       |     1 |     2 |     3 |     6 |       ||    12
       Invisible         |       |       |     2 |     3 |    31 |    37 ||    73
  Eat: Pizza             |       |     2 |       |     3 |     7 |       ||    12
       Royal jelly       |       |       |     2 |     1 |       |     1 ||     4
       Fruit             |       |       |       |       |     3 |     8 ||    11
Armor: Robe              |     5 |     6 |     5 |     7 |    48 |     5 ||    76
Dodge: Dodged            |    31 |    42 |   156 |   263 |   845 |   130 ||  1467
